 Dungeon Crawl Stone Soup version 0.20-a0-830-g2c9a30d (webtiles) character file.

89 uglyjohn the Twirler (level 4, -1/26 HPs)
             Began as a Gargoyle Gladiator on Mar 6, 2017.
             Slain by uglyjohn's ghost (2 damage)
             ... on level 4 of the Dungeon.
             The game lasted 00:06:01 (1884 turns).

uglyjohn the Twirler (Gargoyle Gladiator)           Turns: 1884, Time: 00:06:01

Health: -1/26      AC: 14    Str: 18    XL:     4   Next: 55%
Magic:  4/4        EV: 11    Int:  8    God:
Gold:   72         SH:  0    Dex: 12    Spells: 3/3 levels left

rFire    . . .     SeeInvis .   a - +0 quarterstaff
rCold    . . .     Gourm    .   i - +0 ring mail
rNeg     + . .     Faith    .   (shield currently unavailable)
rPois    ∞         Spirit   .   c - +0 helmet
rElec    +         Reflect  .   (no cloak)
rCorr    .         Harm     .   (no gloves)
MR       .....                  (no boots)
Stlth    +.........             (no amulet)
Regen    0.1/turn               (no ring)
MPRegen  0.1/turn               s - +4 ring of protection

@: very slightly contaminated, hasted, invisible, very quick
A: negative energy resistance 1, electricity resistance, unbreathing,
petrification resistance, rot immunity, AC +3
a: no special abilities


You were on level 4 of the Dungeon.
You were not hungry.

You visited 1 branch of the dungeon, and saw 4 of its levels.

You collected 72 gold pieces.

Inventory:

Hand Weapons
 a - a +0 quarterstaff (weapon)
Missiles
 d - 4 throwing nets (quivered)
Armour
 b - a +0 leather armour
 c - a +0 helmet (worn)
 i - a +0 ring mail (worn)
Jewellery
 s - a +4 ring of protection (left hand)
Scrolls
 h - a scroll of identify
 m - 2 scrolls of remove curse {unknown}
 o - a scroll of fog {unknown}
 p - 2 scrolls of recharging {unknown}
 t - 3 scrolls of teleportation {unknown}
Potions
 g - a potion of haste
 j - 2 potions of mutation
 k - a potion of flight {unknown}
 l - a potion of resistance {unknown}
 n - a potion of heal wounds {unknown}
 r - a potion of berserk rage {unknown}
 u - 2 potions of magic
 v - a potion of curing {unknown}
 w - a potion of lignification {unknown}
 z - a potion of brilliance
Comestibles
 f - 3 bread rations
 q - 11 chunks of flesh
 x - a royal jelly


   Skills:
 - Level 2.1 Fighting
 + Level 4.6 Staves
 - Level 1.7 Throwing
 - Level 2.2 Armour
 - Level 2.4 Dodging


You had 3 spell levels left.
You didn't know any spells.

Dungeon Overview and Level Annotations

Branches:
Dungeon (4/15)
 Temple: D:4-7

Altars:
Fedhas
Vehumet
Xom

Annotations:
D:2 exclusion: oklob plant
D:4 uglyjohn's ghost, novice DsMo


Innate Abilities, Weirdness & Mutations

You are resistant to torment.
Your stone body is resilient. (AC +3)
You are immune to poison.
You resist negative energy. (rN+)
You are resistant to electric shocks. (rElec)
You can survive without breathing.
You are immune to petrification.
You are immune to rotting.


Message History

You hit uglyjohn's ghost.
Uglyjohn's ghost is severely damaged.
You hit uglyjohn's ghost but do no damage.
Uglyjohn's ghost is severely damaged.
Uglyjohn's ghost shrieks, "They lied to you.
The Dungeon just goes down and down forever."
Uglyjohn's ghost hits you but does no damage.
You barely miss uglyjohn's ghost.
Uglyjohn's ghost is severely damaged.
Uglyjohn's ghost hits you.
* * * LOW HITPOINT WARNING * * *
You sock uglyjohn's ghost!
Uglyjohn's ghost is almost destroyed.
You closely miss uglyjohn's ghost.
Uglyjohn's ghost is almost destroyed.
Uglyjohn's ghost closely misses you.
You barely miss uglyjohn's ghost.
Uglyjohn's ghost is almost destroyed.
Uglyjohn's ghost stares at you. Uglyjohn's ghost hits you.
You die...

###
######.##############
#........SW@.......<#
######..#############
#..# #..# .S.. ......
....... .....####
#.....


You could see uglyjohn's ghost and an adder.

Vanquished Creatures
  2 adders
  2 worms
  2 dart slugs (D:1)
  3 leopard geckos
  6 orcs (D:3)
  A giant cockroach (D:3)
  5 goblins
  4 hobgoblins
  4 jackals (D:3)
  2 ball pythons
  9 bats
  2 frilled lizards
  7 kobolds
  4 rats
53 creatures vanquished.

Notes
Turn   | Place    | Note
-------+----------+-------------------------------------------
     0 | D:1      | uglyjohn the Gargoyle Gladiator began the quest for the Orb.
     0 | D:1      | Reached XP level 1. HP: 12/12 MP: 1/1
   221 | D:1      | Reached skill level 1 in Armour
   221 | D:1      | Reached XP level 2. HP: 14/17 MP: 2/2
   609 | D:2      | Found a shimmering altar of Xom.
   715 | D:2      | Found a radiant altar of Vehumet.
   748 | D:2      | Reached XP level 3. HP: 19/21 MP: 3/3
   842 | D:2      | Found a blossoming altar of Fedhas.
   861 | D:2      | Noticed an oklob plant
  1378 | D:3      | Reached skill level 4 in Staves
  1441 | D:3      | Reached XP level 4. HP: 26/26 MP: 4/4
  1839 | D:4      | Noticed uglyjohn's ghost (novice DsMo)
  1881 | D:4      | HP: 1/26 [uglyjohn's ghost (2)]
  1884 | D:4      | Slain by uglyjohn's ghost

Vault maps used:
D:1:      minmay_arrival_widening_spiral_wide
D:2:      tgw_fedhas, lemuel_crystal_altar, vehumet_crystals, first_bread
D:4:      minmay_temple_entry_nine_rooms, bloody_trog

Skill      XL: |  1  2  3 |
---------------+----------+-----
Armour         | 1 2 |  2.2
Staves         | 4 |  4.6
Fighting       | |  2.1
Throwing       | |  1.7
Dodging        | |  2.4

Action                   |  1- 3 |  4- 6 || total
-------------------------+-------+-------++-------
Melee: Quarterstaff      |   105 |    90 ||   195
  Use: Scroll            |       |     5 ||     5
       Potion            |       |     2 ||     2
 Stab: Invisible         |       |     4 ||     4
  Eat: Chunk             |     2 |     1 ||     3
Armor: Leather armour    |     7 |       ||     7
       Ring mail         |    40 |    41 ||    81
Dodge: Dodged            |    76 |    45 ||   121
